 Dungeon Crawl Stone Soup version 0.25-a0-517-gf8b3a32422 (webtiles) character file.

Game seed: 9308742113263041637, levelgen mode: classic

213 EnegeticOcto the Covered (level 5, -9/50 HPs)
             Began as a Deep Dwarf Fighter on Feb 17, 2020.
             Mangled by an ogre
             ... wielding a +0 giant club
              (15 damage)
             ... on level 4 of the Dungeon.
             The game lasted 00:00:29 (299 turns).

EnegeticOcto the Covered (Deep Dwarf Fighter)        Turns: 299, Time: 00:00:29

Health: -9/50      AC:  7    Str: 21    XL:     5   Next: 59%
Magic:  5/5        EV:  8    Int:  8    God:
Gold:   18         SH:  0    Dex: 12    Spells: 4/4 levels left

rFire    . . .     SeeInvis .   a - +0 war axe
rCold    . . .     Gourm    .   c - +0 kite shield
rNeg     . . .     Faith    .   b - +0 scale mail
rPois    .         Spirit   .   (no helmet)
rElec    .         Reflect  .   (no cloak)
rCorr    .         Harm     .   (no gloves)
MR       .....                  (no boots)
Stlth    ..........             (no amulet)
HPRegen  0.00/turn              (no ring)
MPRegen  0.09/turn              (no ring)

@: confused, non-regenerating
A: damage resistance, heal wounds, sense surroundings 1, no regeneration
a: Heal Wounds


You were on level 4 of the Dungeon.
You were not hungry.

You visited 1 branch of the dungeon, and saw 4 of its levels.

You collected 18 gold pieces.

Inventory:

Hand Weapons
 a - a +0 war axe (weapon)
Armour
 b - a +0 scale mail (worn)
 c - a +0 kite shield (worn)
Scrolls
 g - a scroll of noise {unknown}
 h - 2 scrolls of identify {unknown}
Potions
 f - a potion of magic {unknown}
 k - a potion of might {@q3}
Comestibles
 d - 6 chunks of flesh
 e - 2 rations


   Skills:
 * Level 3.9 Fighting
 * Level 3.9 Axes
 + Level 4.0 Armour
 + Level 1.9 Dodging
 + Level 3.9 Shields


You had 4 spell levels left.
You didn't know any spells.
Your spell library was empty.

Dungeon Overview and Level Annotations

Branches:
Dungeon (4/15)
 Temple: D:4-7

Altars:
Elyvilon
Hepliaklqana


Innate Abilities, Weirdness & Mutations

You are resistant to damage.
You can heal yourself by infusing magical energy.
You passively map a small area around you.
You do not regenerate.


Message History

You are too confused!
You are too confused!
You are too confused!
You are too confused!
You're too confused!
You are too confused!
You are too confused!
You are too confused!
You are too confused!
You are too confused!
You miss the orc wizard.
The orc wizard is lightly wounded.
You closely miss the orc wizard.
The orc wizard hits you but does no damage.
The orc wizard gestures at you while chanting.
You easily resist.
The orc wizard hits you with a +0 dagger.
The orc wizard hits you but does no damage.
You bump into the rock wall.
The orc wizard casts a spell at you. The magic dart hits you.
The orc wizard barely misses you.
The orc wizard hits you but does no damage.
You closely miss the orc wizard. You slash the orc wizard!
The orc wizard hits you but does no damage.
The orc wizard closely misses you.
You hit the orc wizard.
The orc wizard is lightly wounded.
You hit the orc wizard but do no damage.
The orc wizard hits you but does no damage. x2
The orc wizard points at you and mumbles some strange words.
You easily resist.
The orc wizard hits you with a +0 dagger.
You hit the orc wizard but do no damage.
The orc wizard is heavily wounded.
You miss the orc wizard.
The orc wizard hits you but does no damage.
The orc wizard hits you with a +0 dagger.
The orc wizard hits you but does no damage.
The orc wizard points at you and mumbles some strange words.
The magic dart hits you.
You completely miss the orc wizard.
The orc wizard is lightly wounded.
You slash the orc wizard!
You kill the orc wizard!
Your Armour skill increases to level 4!
You feel less confused.
The orc wizard hits you but does no damage.
Some of the chunks of flesh in your inventory have rotted away.
You miss the orc wizard.
The orc wizard is lightly wounded.
Your shield and scale mail prevent you from hitting the orc.
You slash the orc wizard!
The orc wizard points at you and mumbles some strange words.
You are confused.
The orc hits you but does no damage.
The orc wizard points at you and mumbles some strange words.
You are more confused.
You are too confused!
You are too confused!
You are too confused!
You are too confused!
You are too confused!
You are too confused!
You are too confused!
You are too confused!
You are too confused!
You are too confused!
You are too confused!
You're too confused to move!
The orc wizard gestures at you while chanting.
The puff of flame hits you! The orc hits you but does no damage.
The orc wizard gestures at you while chanting.
The puff of flame hits you.
The orc wizard hits you with a +0 dagger.
The ogre barely misses you.
The frilled lizard bites you but does no damage.
You bump into the rock wall.
The orc hits you with a +0 hand axe.
The frilled lizard bites you but does no damage.
The ogre hits you with a +0 giant club!!
* * * LOW HITPOINT WARNING * * *
You are too injured to fight recklessly!
You are too injured to fight recklessly!
You are too injured to fight recklessly!
You are too injured to fight recklessly!
You are too injured to fight recklessly!
You are too injured to fight recklessly!
You are too injured to fight recklessly!
You are too injured to fight recklessly!
You are too injured to fight recklessly!
You are too injured to fight recklessly!
You're too confused!
You're too confused!
You are too injured to fight recklessly!
You are too injured to fight recklessly!
Found a stone staircase leading up.
You hit the frilled lizard.
You kill the frilled lizard!
The ogre hits you with a +0 giant club!
You die...

, ...., .## .... ...
* ..... .. * * *
..... #.## * , ##
...... ..# * ...(, .
....# #.# ,..... ,
....#..##s### ......
<......@Oo..###......
,
######.##o#..........
, #..........#......
* #..........# .....
, #..........#, ....
#.[........# , ...
#..........# * ##
#......<...# **
#..........#


You could see an ogre, a scorpion and 2 orcs.

Vanquished Creatures
  A centaur (D:3)
  A scorpion (D:4)
  An orc wizard (D:4)
  3 adders
  2 adder skeletons (D:4)
  A worm (D:4)
  A leopard gecko (D:2)
  A bat (D:3)
  3 giant cockroaches
  A goblin (D:2)
  4 hobgoblins
  A quokka (D:3)
  2 frilled lizards
  2 kobolds
  A quokka skeleton (D:4)
25 creatures vanquished.

Notes
Turn   | Place    | Note
-------+----------+-------------------------------------------
     0 | D:1      | EnegeticOcto the Deep Dwarf Fighter began the quest for the
                  | Orb.
     0 | D:1      | Reached XP level 1. HP: 20/20 MP: 1/1
    36 | D:2      | Reached XP level 2. HP: 27/27 MP: 2/2
   103 | D:2      | Found a white marble altar of Elyvilon.
   107 | D:2      | Found a hazy altar of Hepliaklqana.
   151 | D:2      | Reached XP level 3. HP: 34/34 MP: 3/3
   189 | D:3      | Reached skill level 1 in Dodging
   204 | D:3      | Noticed a centaur
   220 | D:3      | Killed a centaur
   220 | D:3      | Reached XP level 4. HP: 23/42 MP: 4/4
   262 | D:4      | Reached XP level 5. HP: 24/50 MP: 5/5
   281 | D:4      | Noticed an ogre
   288 | D:4      | Reached skill level 4 in Armour
   299 | D:4      | Mangled by an ogre

Levels and vault maps discovered:
D:1:      tarquinn_simple_flora_water_b, layout_basic
D:2:      layout_loops_corners, lemuel_crystal_altar, grunt_gozag_breadcrumbs,
          dancing_weapons_uskayaw, first_ration, elyvilon_altar_4
D:3:      layout_rooms, marbit_many_paths, lemuel_coloured_pillars_altar,
          st_stairs_8, hangedman_decor_points, fedhas_altar_1
D:4:      layout_rooms, old_standard_altar, serial_shops, kennysheep_little_box,
          uniq_sigmund

Skill      XL: |  1  2  3  4  5 |
---------------+----------------+-----
Fighting       | 3 |  3.9
Dodging        | 1 |  1.9
Axes           | 3 |  3.9
Armour         | 4 |  4.0
Shields        | |  3.9

Action                   |  1- 3 |  4- 6 || total
-------------------------+-------+-------++-------
Melee: War axe           |    63 |    34 ||    97
 Abil: Heal Wounds       |     2 |     2 ||     4
Armor: Scale mail        |    29 |    23 ||    52
Dodge: Dodged            |    23 |    18 ||    41
Block: Kite shield       |    43 |    17 ||    60

Table legend:
 A = Non-vault XP
 B = Vault XP
 C = Vault XP percentage of total XP
 D = Non-vault monster count
 E = Vault monster count
 F = Vault count percentage of total count
                 A         B        C        D         E       F
            +---------+---------+-------+---------+---------+-------
      Total |     303 |       2 |   0.7 |      24 |       1 |   4.0
            +---------+---------+-------+---------+---------+-------
        D:1 |       3 |       0 |   0.0 |       2 |       0 |   0.0
        D:2 |      38 |       0 |   0.0 |       7 |       0 |   0.0
        D:3 |     135 |       2 |   1.5 |       8 |       1 |  11.1
        D:4 |     127 |       0 |   0.0 |       7 |       0 |   0.0
            +---------+---------+-------+---------+---------+-------
